AoeStats
← Samouele

Arena

510447814Analyzed
2v2 RM · 16h ago on Oct 1, 2026· 23m 11s· 4 players
Game mode
Random Map
Map size
Medium (4 player)
Population
200
Speed
Normal
Resources
Standard
Victory
Conquest
Starting age
Dark Age
Ending age
Imperial Age
RankedLock teamsTeams togetherTeam positionsShared explorationLock speedFull tech treeHidden civsTurbo modeCheats
Victory
Defeat
1191
+17
🇲🇽 Bulgarians · Mexico
1149
+18
🇨🇦 Lithuanians · Canada
1268
-20
🇨🇦 Armenians · Canada
1136
-15
Picador Criminal Mutilador
11:01 Feudal Age
13:45 Loom
14:09 Horse Collar
24:40 Castle Age
23:16 Wheelbarrow
22:27 Town Watch
23:05 Double-Bit Axe
23:46 Bloodlines
23:40 Gold Mining
23:40 Stone Mining
Pinhead Larry
10:37 Feudal Age
17:24 Castle Age
15:25 Arson
16:28 Forging
16:59 Scale Mail Armor
20:13 Chain Mail Armor
20:33 Iron Casting
20:34 Gambesons
20:51 Squires
Samouele
9:48 Feudal Age
8:41 Loom
14:37 Castle Age
14:20 Horse Collar
14:26 Double-Bit Axe
19:04 Heavy Plow
23:11 Wheelbarrow
The Wizard
9:16 Feudal Age
14:07 Castle Age
12:50 Double-Bit Axe
14:47 Loom
15:21 Bow Saw
22:36 Forging
23:33 Sanctity
Connection lost

Rejoining the realm…

Still unreachable

The connection could not be restored.

Session expired

The server has moved on; the page needs a fresh start.